 Dungeon Crawl Stone Soup version 0.18-a0-1805-g8ab820f (webtiles) character file.

425 namelastname112 the Conjurer (level 6, -5/67 HPs)
             Began as a Draconian Conjurer on Apr 25, 2016.
             Slain by an ogre
             ... wielding a +0 giant club
              (17 damage)
             ... on level 5 of the Dungeon.
             The game lasted 00:11:19 (3856 turns).

namelastname112 the Conjurer (Draconian Conjurer)   Turns: 3856, Time: 00:11:20

Health: -5/67      AC: 23    Str: 11    XL:     6   Next: 64%
Magic:  13/13      EV:  2    Int: 17    God:
Gold:   228        SH:  0    Dex: 11    Spells: 3 memorised, 6 levels left

rFire  . . .     SeeInvis .     q - +1 whip (freeze)
rCold  . . .     Gourm    .     (armour unavailable)
rNeg   + + +     Faith    .     (no shield)
rPois  +         Spirit   .     (helmet currently unavailable)
rElec  .         Dismiss  .     (cloak currently unavailable)
rCorr  .         Reflect  .     (gloves currently unavailable)
SustAt .         Harm     .     (boots currently unavailable)
MR     .....     NoTele   +     (no amulet)
Stlth  ++........               (no ring)
                                k - ring of wizardry

@: tree-form, not resistant to hostile enchantments, unstealthy
A: unfitting armour, (cold-blooded), AC +6
a: no special abilities


You were on level 5 of the Dungeon.
You were not hungry.
You were a tree.
You visited 1 branch of the dungeon, and saw 5 of its levels.

You collected 228 gold pieces.

Inventory:

Hand Weapons
 q - a +1 whip of freezing (weapon)
Armour
 g - a cursed +0 pair of boots (melded)
 v - a +1 cloak (melded)
Jewellery
 k - a ring of wizardry (left branch)
Scrolls
 c - a scroll of fear {unknown}
 h - 2 scrolls of enchant armour {unknown}
 j - 2 scrolls of identify
 l - a scroll of random uselessness {unknown}
 m - a scroll of magic mapping {unknown}
 o - a scroll of remove curse {unknown}
 r - 2 scrolls of teleportation {unknown}
Potions
 f - 3 potions of might
 p - a potion of resistance {unknown}
 t - a potion of magic
Books
 a - a book of Conjurations

   Spells                             Type                      Level
   a - Magic Dart                     Conjuration                  1
   b - Searing Ray                    Conjuration                  2
   c - Dazzling Spray                 Conjuration/Hexes            3
   d - Fulminant Prism                Conjuration/Hexes            4
   e - Iskenderun's Mystic Blast      Conjuration                  4
   f - Iskenderun's Battlesphere      Conjuration/Charms           5
Comestibles
 b - 4 bread rations
 d - a meat ration
 n - a fruit


   Skills:
 - Level 1.7 Dodging
 - Level 1.7 Stealth
 + Level 4.9 Spellcasting
 + Level 6.2 Conjurations
 + Level 0.0 Charms


You had 6 spell levels left.
You knew the following spells:

 Your Spells              Type           Power        Failure   Level  Hunger
a - Iskenderun's Battles  Conj/Chrm      ##......     67%         5    ######.
x - Searing Ray           Conj           ####..       1%          2    #......
z - Magic Dart            Conj           ####         1%          1    None


Dungeon Overview and Level Annotations

Branches:
Dungeon (5/15)
 Temple: D:4-7

Altars:
Makhleb
Pakellas
Zin

Annotations:
D:5 Eustachio


Innate Abilities, Weirdness & Mutations

((Your plain brown scales are hard (AC +6).))
Your body does not fit into most forms of armour.
((You are cold-blooded and may be slowed by cold attacks.))


Message History

The ogre hits you with a giant club.
* * * LOW HITPOINT WARNING * * *
You take 1 damage, and have 4/45 hp.
The ogre closely misses you.
Found a fuming cyan potion and a leather armour.
Found a stone staircase leading down.
You see here a fuming cyan potion.
There is a stone staircase leading down here.
A giant cockroach zombie comes into view.
Drink which item? (? for menu, Esc to quit)
It was a potion of flight.
You feel very buoyant.
You fly up into the air.
The ogre completely misses you.
The giant cockroach zombie waves its antennae.
Drink which item? (? for menu, Esc to quit)
It was a potion of lignification.
You turn into a tree.
Your +1 cloak melds into your body.
Your cursed +0 pair of boots melds into your body.
Your roots penetrate the ground.
The ogre hits you with a giant club!
You die...

.## .. #### # #..
#.######## #.........
##### .....##########
#$<..
.##...!..>....##########
#....
####[.#######..O♣....Z..
...... ..###..#
############ ###.... ..#
##..# #.... ..# #..#
#.... ..# #.# #.... ..#
..# ##.## ..# .# ..# ..#


You could see an ogre and a giant cockroach zombie.

Vanquished Creatures
  Sigmund (D:2)
  A jelly (D:5)
  An orc wizard (D:5)
  Natasha (twice) (D:2)
  2 worker ants (D:4)
  2 adders (D:3)
  2 adder skeletons
  A worm (D:4)
  2 dart slugs
  3 giant geckos
  3 orcs
  3 ball pythons
  A giant cockroach (D:3)
  4 goblins (D:2)
  2 hobgoblins
  13 jackals
  4 kobolds
  A quokka (D:2)
  7 bats
  3 giant newts
  7 rats
65 creatures vanquished.

Notes
Turn   | Place    | Note
--------------------------------------------------------------
     0 | D:1      | namelastname112 the Draconian Conjurer began the quest for the Orb.
     0 | D:1      | Reached XP level 1. HP: 14/14 MP: 3/3
   293 | D:1      | Reached XP level 2. HP: 20/20 MP: 3/5
   396 | D:1      | Learned a level 2 spell: Searing Ray
  1058 | D:2      | Reached XP level 3. HP: 26/26 MP: 2/7
  1273 | D:2      | Noticed Sigmund
  1274 | D:2      | Found a glowing silver altar of Zin.
  1988 | D:3      | Reached XP level 4. HP: 33/33 MP: 4/8
  2092 | D:3      | Found an oddly glowing altar of Pakellas.
  2315 | D:4      | Reached skill level 5 in Conjurations
  2730 | D:2      | Found a burning altar of Makhleb.
  2934 | D:2      | Killed Sigmund
  2934 | D:2      | Reached XP level 5. HP: 18/38 MP: 1/11
  2934 | D:2      | Reached XP level 6. HP: 21/45 MP: 1/12
  3111 | D:2      | Noticed Natasha
  3118 | D:2      | Killed Natasha
  3359 | D:2      | Noticed Natasha
  3365 | D:2      | Killed Natasha
  3365 | D:2      | Reached skill level 6 in Conjurations
  3488 | D:5      | Entered Level 5 of the Dungeon
  3507 | D:5      | Noticed Eustachio
  3753 | D:4      | Learned a level 5 spell: Iskenderun's Battlesphere
  3825 | D:5      | namelastname112: goodbye my streak
  3825 | D:5      | Nattefrost: hairy
  3827 | D:5      | namelastname112: hmm
  3827 | D:5      | namelastname112: maybe quaff potion
  3827 | D:5      | namelastname112: i dunno really
  3827 | D:5      | namelastname112: this ogre came out of nowhere
  3827 | D:5      | crauler: >93 wins
  3827 | D:5      | crauler: >all dr
  3827 | D:5      | namelastname112: 100 actually
  3827 | D:5      | namelastname112: !won
  3827 | D:5      | beem: namelastname112 has won 100 times in 3854 games (2.59%): 14xDrMo 9xDrCj 6xDrAs 6xDrGl 6xDrHu 6xDrWn 5xDrCK 4xDrAK 3xDrSk 3xDrSu 3xDrTm 2xDrAM 2xDrAr 2xDrBe 2xDrIE 2xDrWr 2xFeTm 1xCeMo 1xDrAE 1xDrEE 1xDrEn 1xDrFE 1xDrFi 1xDrNe 1xDrVM 1xDrWz 1xDsMo 1xFeBe 1xFeCK 1xFeMo 1xFeWr 1xFoMo 1xLaBe 1xMfGl 1xNaMo 1xOpMo 1xTeMo 1xVSAs 1xVSMo 1xVpMo
  3827 | D:5      | crauler: !won namelastname112 !Dr
  3827 | D:5      | beem: namelastname112 (!Dr) has won 17 times in 934 games (1.82%): 2xFeTm 1xCeMo 1xDsMo 1xFeBe 1xFeCK 1xFeMo 1xFeWr 1xFoMo 1xLaBe 1xMfGl 1xNaMo 1xOpMo 1xTeMo 1xVSAs 1xVSMo 1xVpMo
  3827 | D:5      | crauler: >LaBe
  3827 | D:5      | crauler: и как оно?
  3827 | D:5      | namelastname112: норм
  3855 | D:5      | namelastname112: ded
  3855 | D:5      | Nattefrost: frustrating not to be able to do a-->a and punch through it
  3855 | D:5      | crauler: random quadd time
  3856 | D:5      | crauler: *quaff
  3856 | D:5      | Slain by an ogre

Vault maps used:
D:1:      minmay_arrival_five_plusses, minmay_door_square
D:2:      lemuel_doored_altar, nicolae_overflow_hidden_temple, uniq_sigmund,
          uniq_natasha
D:3:      lemuel_statue_altar
D:4:      first_bread, hangedman_decor_riveting
D:5:      uniq_prince_ribbit1, uniq_eustachio, uniq_duvessa

Skill      XL: |  1  2  3  4  5  6 |
---------------+-------------------+-----
Spellcasting   | 3 4 |  4.9
Conjurations   | 5 6 |  6.2
Dodging        | |  1.7
Stealth        | |  1.7

Action                   |  1- 3 |  4- 6 || total
-------------------------+-------+-------++-------
Melee: Unarmed           |     6 |       ||     6
       Dagger            |     4 |       ||     4
       Tailslap          |     1 |       ||     1
       Whip              |       |     6 ||     6
 Cast: Magic Dart        |    80 |    66 ||   146
       Searing Ray       |     2 |     6 ||     8
  Use: Scroll            |     3 |       ||     3
       Potion            |       |     5 ||     5
  Eat: Chunk             |     4 |     5 ||     9
       Fruit             |       |     1 ||     1
Armor: Skin              |    23 |     8 ||    31
Dodge: Dodged            |    38 |    15 ||    53
